 Dungeon Crawl Stone Soup version 0.29.1-15-g9cfb28693d (webtiles) character file.

Game seed: 16418319045408047024

5369 Zalbag the Carver (level 10, 0/67 HPs)
             Began as a Djinni Gladiator on Oct 17, 2023.
             Was an Elder of Qazlal.
             Slain by an orc
             ... wielding a +0 flail
              (6 damage)
             ... on level 8 of the Dungeon.
             The game lasted 00:17:02 (8732 turns).

Zalbag the Carver (Djinni Gladiator)                Turns: 8732, Time: 00:17:03

Health: 0/67       AC:  6    Str: 17    XL:     10   Next: 97%
Gold:   305        EV: 15    Int: 15    God:    Qazlal [****..] SH:  5 Dex: 11

rFire   + + +      SeeInvis .   C - +8 great sword of Neophi {flame, rF+ Int+3 Dex-4 Stlth+}
rCold   . . .      Faith    .   (shield currently unavailable)
rNeg    . . .      Spirit   .   L - +0 steam dragon scales
rPois   ∞          Reflect  .   c - +0 helmet
rElec   +          Harm     .   i - scarf {rC+ rF+}
rCorr   .          Rampage  .   (no gloves)
Will    ++...                   (boots unavailable)
Stlth   +.........              (no amulet)
HPRegen 0.21/turn               f - ring of Zelemnag {rElec Will+ Int+2 Slay+2}
MPRegen 0.00/turn               H - +4 ring of slaying

@: flying, repel missiles
A: sickness immunity, fire resistance 2, cold vulnerability 1, float, innate
caster, HP casting, extra vitality 1
a: Renounce Religion, Upheaval, Elemental Force


You were on level 8 of the Dungeon.
You worshipped Qazlal.
Qazlal was greatly pleased with you.
You visited 2 branches of the dungeon, and saw 9 of its levels.

You collected 413 gold pieces.
You spent 108 gold pieces at shops.

Inventory:

Hand Weapons
 g - the +6 hammer "Muathruce" {holy, SInv}
   (You found it on level 2 of the Dungeon)

   It has been blessed by the Shining One to cause great damage to the undead
   and demons.
   SInv:      It lets you see invisible.
 h - a +0 hammer of holy wrath
 y - a +1 vorpal shortbow
 C - the +8 great sword of Neophi (weapon) {flame, rF+ Int+3 Dex-4 Stlth+}
   (You found it on level 3 of the Dungeon)

   It burns those it strikes, dealing additional fire damage.
   Big, fiery blades are also staple armaments of hydra-hunters.
   Int:       It affects your intelligence (+3).
   Dex:       It affects your dexterity (-4).
   rF:        It protects you from fire.
   Stlth:     It makes you more stealthy.
Missiles
 d - 3 throwing nets (quivered)
 M - 4 silver boomerangs
Armour
 c - a +0 helmet (worn)
 e - a +2 ring mail of poison resistance
 i - a scarf of resistance (worn)
 w - a scarf of shadows
 L - +0 steam dragon scales (worn)
Jewellery
 b - a ring of see invisible
 f - the ring of Zelemnag (left hand) {rElec Will+ Int+2 Slay+2}
   (You acquired it on level 5 of the Dungeon)

   [ring of willpower]

   Int:       It affects your intelligence (+2).
   Slay:      It affects your accuracy & damage with ranged weapons and melee
   (+2).
   rElec:     It insulates you from electricity.
   Will:      It increases your willpower.
 D - a ring of protection from cold
 F - the ring of Xom's Recklessness {Drain rN+++ rCorr Int-5}
   (You found it on level 4 of the Dungeon)

   [ring of resist corrosion]

   Int:       It affects your intelligence (-5).
   rN:        It renders you almost immune to negative energy.
   rCorr:     It protects you from acid and corrosion.
   Drain:     It drains your maximum health when unequipped.
 H - a +4 ring of slaying (right hand)
Wands
 z - a wand of mindburst (20)
 I - a wand of paralysis (2)
Scrolls
 l - 2 scrolls of vulnerability {unknown}
 n - 7 scrolls of teleportation
 q - a scroll of enchant armour {unknown}
 r - 2 scrolls of fear {unknown}
 u - a scroll of summoning {unknown}
 x - a scroll of butterflies
 A - a scroll of magic mapping
 B - 2 scrolls of poison
 J - 2 scrolls of noise
Potions
 a - a potion of haste
 j - 3 potions of heal wounds {unknown}
 k - 3 potions of might {unknown}
 m - 5 potions of curing
 o - 3 potions of berserk rage {unknown}
 p - 2 potions of attraction {unknown}
 s - a potion of cancellation
 t - 3 potions of ambrosia {unknown}
 v - 2 potions of mutation
 E - a potion of brilliance {unknown}
 G - a potion of resistance {unknown}
 K - a potion of magic {unknown}
 N - a potion of invisibility {unknown}


   Skills:
 - Level 4.0 Fighting
 - Level 2.6(7.3) Short Blades
 * Level 10.6(10.8) Long Blades
 - Level 2.2 Maces & Flails
 - Level 1.5 Throwing
 + Level 10.3 Dodging
 - Level 1.2 Spellcasting


You had 2 spell levels left.
You knew the following spells:

 Your Spells              Type           Power      Damage    Failure   Level
a - Foxfire               Conj/Fire      16%        2x1d4     14%         1
b - Wereblood             Tmut           4%         N/A       22%         2
c - Inner Flame           Hex/Fire       4%         N/A       38%         3
d - Summon Guardian Gole  Hex/Summ       4%         N/A       38%         3
Your spell library was empty.

Dungeon Overview and Level Annotations

Branches:
Dungeon (8/15)             Temple (1/1) D:5
   Lair: D:8-11

Altars:
Hepliaklqana
Qazlal
Ru
Trog
Wu Jian
Xom
The Shining One

Shops:
D:5 *


Innate Abilities, Weirdness & Mutations

You are immune to sickness and miasma.
You are immune to poison.
Your flesh is very heat resistant. (rF++)
You are vulnerable to cold. (rC-)
You float through the air rather than walking.
You learn spells naturally, not from books.
Your magical power is your life essence.
You have superior vitality. (+4 MHP)


Message History

The killer bee buzzes angrily. x3; You hear an angry buzzing noise.
A killer bee comes into view.
The killer bee stings you.
* * * LOW HITPOINT WARNING * * *
An orc comes into view. It is wielding a +0 flail.
The five-headed hydra is engulfed in blazing flames.
An orc wizard comes into view. It is wielding a +0 dagger.
As you read the scroll of teleportation, it crumbles to dust.
You feel strangely unstable.
The five-headed hydra is engulfed in blazing flames.
You block the killer bee's attack.
Unknown command.
The killer bee attacks as you move away!
The killer bee closely misses you. The killer bee barely misses you.
You block the killer bee's attack.
The wight is engulfed in blazing flames.
The killer bee barely misses you.
An orc priest comes into view. It is wielding a +0 flail.
Your surroundings suddenly seem different.
An orc wizard and a wight come into view.
Found a stone staircase leading up.
The orc priest miscasts a cantrip.
You block the orc wizard's attack.
You hear an angry buzzing noise. x2
You block the killer bee's attack.
The orc priest hits you with a +0 flail.
* * * LOW HITPOINT WARNING * * *
You block the killer bee's attack. The wight completely misses you.
The orc wizard gestures at you while chanting.
The magic dart hits you!
* * * LOW HITPOINT WARNING * * *
The orc priest misses you. You block the killer bee's attack.
The wight misses you.
The killer bee attacks as you move away!
The killer bee stings you but does no damage.
The orc barely misses you. The killer bee closely misses you.
The killer bee attacks as you move away!
The killer bee closely misses you. The orc attacks as you move away!
The orc hits you with a +0 flail.
You die...

....... ...#
.##.#...# ...#.#
........##...#.##
.................
..#..........#.####
....<..○.o........#
.....☼...yy....##.##
#....@o.z..yy..y.#
....#...yoy.#####y##
. ###.#oY.#.###.#
##.#.○.D.)...#
.............#
##.#.....###.# .
.............#
..####.#.....###.#
.......#.....###.#


You could see a five-headed hydra, a sky beast, 6 killer bees, a wight, an orc
priest, 2 orc wizards and an orc.

Vanquished Creatures
  An ugly thing (D:8)
  Pikel (D:7)
  Maggie (D:6)
  A yak (D:8)
  3 steam dragons
  Edmund (D:5)
  4 water moccasins
  A black bear (D:5)
  2 orc warriors
  4 sky beasts
  An ice beast (D:6)
  4 ogres
  2 centaurs
  4 bullfrogs
  9 wights
  2 jellies (D:6)
  8 hounds
  A gnoll bouda (D:5)
  5 orc priests
  Crazy Yiuf (D:2)
  6 iguanas
  Natasha (thrice) (D:2)
  7 orc wizards
  4 gnolls
  8 adders
  3 shadow imps
  2 white imps
  4 ufetubi
  A dart slug (D:2)
  2 worms
  22 orcs
  6 ball pythons
  5 endoplasms
  3 giant cockroaches
  8 goblins
  9 hobgoblins
  7 jackals
  4 quokkas
  9 bats
  6 frilled lizards
  7 kobolds
  6 rats
188 creatures vanquished.

Vanquished Creatures (others)
  A wight (D:6)
1 creature vanquished.

Grand Total: 189 creatures vanquished

Notes
Turn   | Place    | Note
-------+----------+-------------------------------------------
     0 | D:1      | Zalbag the Djinni Gladiator began the quest for the Orb.
     0 | D:1      | Reached XP level 1. HP: 18/18 MP: 0/0
   145 | D:2      | Identified the +6 hammer "Muathruce" {holy, SInv}
   148 | D:2      | Found a runed translucent door.
   150 | D:2      | Noticed Crazy Yiuf
   166 | D:2      | Reached XP level 2. HP: 23/23 MP: 0/0
   180 | D:2      | Found a stormy altar of Qazlal.
   181 | D:2      | Noticed Natasha
   187 | D:2      | Killed Natasha
   188 | D:2      | Reached XP level 3. HP: 8/29 MP: 0/0
   188 | D:2      | Learned a level 1 spell: Foxfire
   513 | D:2      | Became a worshipper of Qazlal Stormbringer
   551 | D:2      | Noticed Natasha
   559 | D:2      | Killed Natasha
   560 | D:2      | Reached XP level 4. HP: 20/35 MP: 0/0
   730 | D:2      | Found a faded altar of an unknown god.
   790 | D:2      | Noticed Natasha
   803 | D:2      | Killed Natasha
   804 | D:2      | Reached skill level 1 in Maces & Flails
   933 | D:3      | Noticed a water moccasin
  1017 | D:1      | Reached XP level 5. HP: 38/40 MP: 0/0
  1017 | D:1      | Learned a level 2 spell: Wereblood
  1148 | D:1      | Reached * piety under Qazlal
  1460 | D:3      | Killed a water moccasin
  1461 | D:3      | Reached XP level 6. HP: 35/47 MP: 0/0
  1856 | D:2      | Reached skill level 1 in Spellcasting
  1951 | D:2      | Killed Crazy Yiuf
  2483 | D:3      | Reached skill level 5 in Dodging
  2699 | D:3      | Identified the +8 great sword of Neophi {flame, rF+ Int+3
                  | Dex-4 Stlth+}
  2964 | D:4      | Found a hazy altar of Hepliaklqana.
  3034 | D:4      | Reached skill level 1 in Long Blades
  3140 | D:4      | Reached XP level 7. HP: 33/52 MP: 0/0
  3140 | D:4      | Learned a level 3 spell: Inner Flame
  3394 | D:4      | Reached ** piety under Qazlal
  3670 | D:4      | Found an ornate altar of the Wu Jian Council.
  3677 | D:4      | Identified the ring of Xom's Recklessness {Drain rN+++
                  | rCorr Int-5}
  3783 | D:5      | Entered Level 5 of the Dungeon
  4168 | D:5      | Reached XP level 8. HP: 46/58 MP: 0/0
  4402 | D:5      | Found a staircase to the Ecumenical Temple.
  4420 | Temple   | Entered the Ecumenical Temple
  4594 | D:5      | Found a bloodstained altar of Trog.
  4727 | D:5      | Noticed Edmund
  4737 | D:5      | Killed Edmund
  4738 | D:5      | Reached skill level 5 in Long Blades
  4971 | D:5      | Found Santia Maxe's General Store.
  4979 | D:5      | Bought a scroll of identify for 24 gold pieces
  4979 | D:5      | Bought a scroll of teleportation for 36 gold pieces
  4979 | D:5      | Bought a potion of curing for 36 gold pieces
  4979 | D:5      | Bought a scroll of noise for 12 gold pieces
  5314 | D:5      | Reached XP level 9. HP: 42/62 MP: 0/0
  5314 | D:5      | Learned a level 3 spell: Summon Guardian Golem
  5449 | D:5      | Identified 2 scrolls of acquirement
  5450 | D:5      | Acquired the ring of Zelemnag {rElec Will+ Int+2 Slay+2}
  5456 | D:5      | Acquired a scarf of resistance
  5832 | D:6      | Reached *** piety under Qazlal
  6167 | D:6      | Identified the +0 pair of boots of the Kissing Gods {rF-
                  | Str+3 Int+4}
  6665 | D:6      | Reached XP level 10. HP: 64/67 MP: 0/0
  7240 | D:6      | Noticed Maggie
  7250 | D:6      | Killed Maggie
  7410 | D:6      | Found a stormy altar of Qazlal.
  7419 | D:6      | Found a shimmering altar of Xom.
  7531 | D:7      | Found a sacrificial altar of Ru.
  7616 | D:7      | Reached **** piety under Qazlal
  7697 | D:7      | Noticed Pikel
  7718 | D:7      | Killed Pikel
  7813 | D:7      | Found a glowing golden altar of the Shining One.
  7910 | D:7      | Reached skill level 10 in Long Blades
  8284 | D:8      | Reached skill level 10 in Dodging
  8421 | D:8      | Noticed a five-headed hydra
  8422 | D:8      | Noticed a red ugly thing
  8431 | D:8      | Killed a red ugly thing
  8732 | D:8      | Slain by an orc

Illustrated notes

Levels and vault maps discovered:
D:1:      nzn_arrival_water_spiral, layout_rooms, minmay_split_cup_large
D:2:      layout_basic, basic_altar, chequers_ecumenical_altar_simple,
          bh_walls_and_bars, uniq_crazy_yiuf_cottage, uniq_natasha
D:3:      layout_rooms
D:4:      layout_rooms, mainiacjoe_overflow_catwalk, minmay_ruined_shrine
D:5:      minmay_recursive_quarters, layout_basic,
          nzn_overflow_gifts_of_might_and_magic, minmay_temple_entry_mini_moons,
          serial_shops, shop_fountains, uniq_edmund
D:6:      minmay_bubble_buster, layout_loops_ring, mainiacjoe_overflow_swirl,
          grunt_ministairs_14, uniq_maggie
D:7:      layout_loops_ring, tso_metal_star,
          nicolae_ru_great_annihilating_truth, amcnicky_mini_corridor_feature,
          uniq_pikel
D:8:      minmay_ornate_pinched, layout_basic
Temple:   oiseaux_autumnal_temple

Skill      XL: |  1  2  3  4  5  6  7  8  9 10 |
---------------+-------------------------------+-----
Dodging        | 4 5 6 7 8 10 | 10.3
Fighting       | 3 4 |  4.0
Maces & Flails | 1 2 |  2.2
Spellcasting   | 1 |  1.2
Long Blades    | 1 3 6 8 10 | 10.6
Short Blades   | |  2.6
Throwing       | |  1.5

Action                   |  1- 3 |  4- 6 |  7- 9 | 10-12 || total
-------------------------+-------+-------+-------+-------++-------
Melee: Rapier            |    16 |       |       |       ||    16
       Mace              |    13 |   100 |       |       ||   113
       Punch             |       |     2 |       |       ||     2
       Great sword       |       |    12 |   167 |    87 ||   266
Throw: Javelin           |       |     1 |     1 |     1 ||     3
       Throwing net      |       |     1 |       |       ||     1
Evoke: Wand              |       |       |       |     2 ||     2
  Use: Scroll            |       |       |     8 |     3 ||    11
 Stab: Held in net/web   |       |     1 |       |       ||     1
       Paralysed         |       |       |       |     1 ||     1
Armor: Leather armour    |     5 |    30 |    39 |     3 ||    77
       Steam dragon scal |       |       |       |    13 ||    13
Dodge: Dodged            |    21 |    99 |   162 |    75 ||   357
Block: Other             |       |     5 |    20 |    23 ||    48
